 Dungeon Crawl Stone Soup version 0.30-a0-723-gc1506a1cf0 (webtiles) character file.

Game seed: 13203424367651454255

8635 Leeroy the Thaumaturge (level 11, -8/86 HPs)
             Began as a Gnoll Warper on Jan 28, 2023.
             Was an Initiate of Okawaru.
             Mangled by an orc warrior
             ... wielding a +0 halberd
              (15 damage)
             ... on level 1 of the Orcish Mines.
             The game lasted 00:26:19 (11742 turns).

Leeroy the Thaumaturge (Gnoll Warper)              Turns: 11742, Time: 00:26:20

Health: -8/86      AC: 12    Str: 11    XL:     11   Next: 33%
Magic:  23/23      EV: 17    Int: 12    God:    Okawaru [......]
Gold:   712        SH:  5    Dex: 20    Spells: 11/26 levels left

rFire   + . .      SeeInvis .    w - +0 great sword
rCold   + . .      Faith    .    (shield currently unavailable)
rNeg    . . .      Spirit   .    s - +4 leather armour "Upeirral" {+Blink rC+ Will- Dex+4}
rPois   +          Reflect  +    l - +2 hat
rElec   .          Harm     .    X - +0 cloak
rCorr   .          Rampage  .    (no gloves)
Will    .....                    D - +0 pair of boots
Stlth   +++                      v - amulet of reflection
HPRegen 0.34/turn                q - ring of poison resistance
MPRegen 0.18/turn                z - ring of protection from fire

@: no status effects
A: fangs 1, strong nose, distributed training
a: Renounce Religion, Evoke Blink


You were on level 1 of the Orcish Mines.
You worshipped Okawaru.
Okawaru was noncommittal.
You visited 3 branches of the dungeon, and saw 13 of its levels.

You collected 783 gold pieces.
You spent 71 gold pieces at shops.

Inventory:

Hand Weapons
 a - a +0 scimitar of flaming
 g - the +11 spear of Luxury {antimagic, rF+}
   (You found it on level 4 of the Dungeon)

   rF:        It protects you from fire.
 m - a +2 dagger of speed
 w - a +0 great sword (weapon)
 M - a +3 dire flail of draining
 O - a +1 spear of venom
 P - a +0 whip of freezing
 Q - a +1 heavy falchion
 S - the +2 trident "Uskutuk" {freeze, *Rage rN++ Dex+4}
   (You found it on level 9 of the Dungeon)

   Dex:       It affects your dexterity (+4).
   rN:        It greatly protects you from negative energy.
   *Rage:     It berserks you when you make melee attacks (+20% chance).
 T - a +4 long sword
 U - a +4 scimitar
 Z - a +2 rapier of electrocution
Missiles
 d - 7 boomerangs of dispersal
 y - 12 poisoned darts
 E - 11 boomerangs
Armour
 b - a +0 leather armour
 k - a +1 hat
 l - a +2 hat (worn)
 s - the +4 leather armour "Upeirral" (worn) {+Blink rC+ Will- Dex+4}
   (You found it on level 2 of the Dungeon)

   Dex:       It affects your dexterity (+4).
   rC:        It protects you from cold.
   +Blink:    It lets you blink.
   Will:      It decreases your willpower.
 A - a +1 robe
 D - a +0 pair of boots (worn)
 X - a +0 cloak (worn)
 Y - the +1 chain mail of Punwossi {+Blink Int+4}
   (You found it on level 8 of the Dungeon)

   Int:       It affects your intelligence (+4).
   +Blink:    It lets you blink.
Magical Staves
 F - a staff of poison
Jewellery
 q - a ring of poison resistance (left hand)
 u - a +4 ring of protection
 v - an amulet of reflection (around neck)
 z - a ring of protection from fire (right hand)
 C - an amulet of the acrobat
Wands
 N - a wand of iceblast (5) (quivered)
Scrolls
 c - 2 scrolls of blinking
 f - 6 scrolls of teleportation
 i - a scroll of fog
 j - a scroll of silence
 n - a scroll of torment
 t - 2 scrolls of poison
 G - 3 scrolls of fear
 H - 3 scrolls of vulnerability
 J - 2 scrolls of enchant weapon
 K - 2 scrolls of magic mapping
 L - a scroll of enchant armour
 V - a scroll of summoning
Potions
 e - 3 potions of mutation
 h - a potion of invisibility
 o - 4 potions of degeneration
 p - 2 potions of flight
 r - 2 potions of berserk rage {unknown}
 x - 3 potions of curing
 B - 2 potions of attraction {unknown}
 I - a potion of lignification {unknown}
 R - 3 potions of haste
 W - 2 potions of might {unknown}


   Skills:
 + Level 8.0 Fighting
 + Level 6.4 Short Blades
 + Level 8.0 Long Blades
 + Level 6.4 Axes
 + Level 6.4 Maces & Flails
 + Level 6.4 Polearms
 + Level 6.4 Staves
 + Level 6.4 Ranged Weapons
 + Level 7.0 Throwing
 + Level 7.0 Armour
 + Level 8.0 Dodging
 + Level 6.4 Stealth
 + Level 6.4 Shields
 + Level 6.4 Unarmed Combat
 + Level 8.2 Spellcasting
 + Level 5.3 Conjurations
 + Level 5.3 Hexes
 + Level 5.3 Summonings
 + Level 5.3 Necromancy
 + Level 7.7 Translocations
 + Level 5.3 Transmutations
 + Level 5.3 Fire Magic
 + Level 5.3 Ice Magic
 + Level 5.3 Air Magic
 + Level 5.3 Earth Magic
 + Level 5.3 Poison Magic
 + Level 7.0 Invocations
 + Level 6.4 Evocations


You had 11 spell levels left.
You knew the following spells:

 Your Spells              Type           Power      Damage    Failure   Level
a - Blink                 Tloc           46%        N/A       1%          2
b - Vhi's Electric Charg  Tloc/Air       40%        N/A       3%          3
c - Teleport Other        Tloc           23%        N/A       2%          3
d - Manifold Assault      Tloc           23%        N/A       8%          4
e - Vampiric Draining     Necr           17%        2d7       6%          3

Your spell library contained the following spells:

 Spells                   Type           Power      Damage    Failure   Level
 Slow                     Hex            68%        N/A       1%          1
 Lesser Beckoning         Tloc           46%        N/A       1%          2
 Gell's Gravitas          Tloc           23%        N/A       2%          3
 Portal Projectile        Hex/Tloc       40%        N/A       3%          3
 Confusing Touch          Hex            17%        N/A       6%          3
 Stone Arrow              Conj/Erth      34%        3d9       6%          3
 Leda's Liquefaction      Hex/Erth       8%         N/A       21%         4
 Dispersal                Tloc           11%        N/A       75%         6
 Lehudib's Crystal Spear  Conj/Erth      8%         10d4      100%        8
 Call Canine Familiar     Summ           Unusable   N/A       N/A         3
 Animate Armour           Summ/Erth      Unusable   N/A       N/A         4

Dungeon Overview and Level Annotations

Branches:
Dungeon (11/15)            Temple (1/1) D:4            Lair (0/5) D:8
    Orc (1/2) D:10

Altars:
Ashenzari
Cheibriados
Dithmenos
Elyvilon
Fedhas
Gozag
Hepliaklqana
Kikubaaqudgha
Makhleb
Nemelex Xobeh
Okawaru
Qazlal
Ru
Sif Muna
Trog
Uskayaw
Vehumet
Wu Jian
Xom
Yredelemnul
Zin
The Shining One

Shops:
D:3 *

Annotations:
D:3 2 runed translucent doors, flestrin's ghost, amateur TrBe
D:6 3 runed translucent doors, Athor's ghost, novice FoHu; Leeroy's ghost, novice TeWr; caveywoolpert's ghost, novice DsEE; jazmu's ghost, novice DgHu
D:7 2 runed translucent doors, Dirtsage's ghost, novice OpTm; Joseph


Innate Abilities, Weirdness & Mutations

You have very sharp teeth.
Your uncanny sense of smell can sniff out nearby items.
Your experience applies equally to all skills.


Message History

The orc hits you with a +0 hand axe.
You barely miss the orc. You block the troll's attack.
The troll claws you but does no damage. x2; The orc closely misses you.
You block the orc warrior's attack.
You slash the orc!
You kill the orc!
Okawaru accepts your kill. The troll misses you.
The troll completely misses you. The troll barely misses you.
The orc warrior completely misses you. The troll misses you.
You block the troll's attack. x2
The orc warrior barely misses you.
You closely miss the troll.
The troll is lightly wounded.
The troll closely misses you. x2; The troll misses you.
The orc warrior barely misses you.
You barely miss the troll.
The troll is lightly wounded.
The troll bites you! The troll misses you. You block the troll's attack.
The orc warrior closely misses you.
You closely miss the troll.
The troll is lightly wounded.
You block the troll's attack. The troll misses you. The troll claws you!
The orc warrior misses you. The troll bites you! The troll misses you.
The troll claws you! The orc warrior closely misses you.
You slice the troll!!
The troll is severely wounded.
The troll bites you. The troll claws you. The troll barely misses you.
The orc warrior completely misses you.
You closely miss the troll.
The troll is severely wounded.
The troll bites you. The troll claws you!
* * * LOW HITPOINT WARNING * * *
The troll misses you.
The orc warrior hits you from afar with a +0 halberd.
* * * LOW HITPOINT WARNING * * *
You block the troll's attack. The troll claws you.
* * * LOW HITPOINT WARNING * * *
You block the troll's attack.
The orc warrior hits you from afar with a +0 halberd!
You die...

...$. ###.... ##
###..$..##.#.
##......#....o
###...........#
#.............##
......#..o.....#
..#.....T.......
#.....@)...#...
#...........#
...............
................
................
...$............
.#...........#..
.............


You could see a troll and an orc warrior.

Vanquished Creatures
  Erica (D:9)
  2 two-headed ogres
  Pikel (D:6)
  A komodo dragon (D:8)
  2 trolls
  A vampire (D:9)
  A wyvern (D:3)
  8 yaks
  A steam dragon (D:7)
  3 vampire mosquitoes (D:10)
  Edmund (D:4)
  Menkaure (D:6)
  4 water moccasins
  4 orc warriors
  2 ice beasts
  A sky beast (D:6)
  A centaur (D:7)
  4 lemures
  2 phantoms (D:5)
  A kobold brigand (D:10)
  3 bullfrogs
  3 necrophages
  5 scorpions
  5 wights (D:7)
  3 killer bees (D:9)
  2 howler monkeys
  2 orc priests
  7 hounds
  4 gnoll boudas
  3 iguanas
  A jelly (D:4)
  8 orc wizards
  9 adders
  12 gnolls
  A shadow imp (D:7)
  A white imp (D:6)
  2 worms
  5 dart slugs
  30 orcs
  3 endoplasms
  2 giant cockroaches
  8 goblins
  7 hobgoblins
  6 jackals (D:4)
  4 quokkas
  8 ball pythons
  2 bats
  A frilled lizard (D:2)
  10 kobolds
  6 rats
205 creatures vanquished.

Vanquished Creatures (others)
  20 plants (D:8)
  2 withered plants (D:6)
22 creatures vanquished.

Grand Total: 227 creatures vanquished

Notes
Turn   | Place    | Note
-------+----------+-------------------------------------------
     0 | D:1      | Leeroy the Gnoll Warper began the quest for the Orb.
     0 | D:1      | Reached XP level 1. HP: 20/20 MP: 6/6
   346 | D:1      | Reached XP level 2. HP: 19/26 MP: 7/7
   638 | D:1      | Learned a level 2 spell: Blink
   977 | D:2      | Found a snail-covered altar of Cheibriados.
  1053 | D:2      | Reached skill level 5 in Spellcasting
  1053 | D:2      | Reached XP level 3. HP: 18/31 MP: 7/9
  1172 | D:2      | Learned a level 3 spell: Vhi's Electric Charge
  1176 | D:2      | Learned a level 3 spell: Teleport Other
  1269 | D:2      | Found a faded altar of an unknown god.
  1280 | D:2      | Identified the +4 leather armour "Upeirral" {+Blink rC+
                  | Will- Dex+4}
  1421 | D:2      | Reached skill level 1 in Invocations
  1738 | D:3      | Reached skill level 1 in Short Blades
  1738 | D:3      | Reached skill level 1 in Axes
  1738 | D:3      | Reached skill level 1 in Maces & Flails
  1738 | D:3      | Reached skill level 1 in Polearms
  1738 | D:3      | Reached skill level 1 in Staves
  1738 | D:3      | Reached skill level 1 in Ranged Weapons
  1738 | D:3      | Reached skill level 1 in Stealth
  1738 | D:3      | Reached skill level 1 in Shields
  1738 | D:3      | Reached skill level 1 in Unarmed Combat
  1738 | D:3      | Reached skill level 1 in Evocations
  1865 | D:3      | Reached XP level 4. HP: 36/38 MP: 11/11
  1920 | D:3      | Found Ipliklo's General Store.
  1923 | D:3      | Found a large runed translucent door.
  1923 | D:3      | Found a large runed translucent door.
  1936 | D:3      | Bought a +0 great sword for 71 gold pieces
  2112 | D:3      | Noticed flestrin's ghost (amateur TrBe)
  2386 | D:4      | Reached skill level 1 in Conjurations
  2386 | D:4      | Reached skill level 1 in Hexes
  2386 | D:4      | Reached skill level 1 in Summonings
  2386 | D:4      | Reached skill level 1 in Necromancy
  2386 | D:4      | Reached skill level 1 in Transmutations
  2386 | D:4      | Reached skill level 1 in Fire Magic
  2386 | D:4      | Reached skill level 1 in Ice Magic
  2386 | D:4      | Reached skill level 1 in Air Magic
  2386 | D:4      | Reached skill level 1 in Earth Magic
  2386 | D:4      | Reached skill level 1 in Poison Magic
  2422 | D:4      | Noticed Edmund
  2572 | D:4      | Reached XP level 5. HP: 43/43 MP: 5/12
  2629 | D:4      | Found a staircase to the Ecumenical Temple.
  2637 | Temple   | Entered the Ecumenical Temple
  3006 | D:4      | Identified the +11 spear of Luxury {antimagic, rF+}
  3181 | D:4      | Learned a level 4 spell: Manifold Assault
  3197 | D:4      | Reached XP level 6. HP: 47/50 MP: 13/13
  3208 | D:4      | Reached skill level 5 in Fighting
  3208 | D:4      | Reached skill level 5 in Long Blades
  3208 | D:4      | Reached skill level 5 in Dodging
  3257 | D:4      | Noticed a wyvern
  3270 | D:5      | Entered Level 5 of the Dungeon
  3671 | D:5      | Noticed an ice beast
  3696 | D:5      | Killed an ice beast
  3697 | D:5      | Reached XP level 7. HP: 56/56 MP: 15/15
  4145 | D:5      | Reached XP level 8. HP: 63/63 MP: 16/16
  4553 | D:6      | Noticed Menkaure
  4557 | D:6      | Killed Menkaure
  4616 | D:6      | Learned a level 3 spell: Vampiric Draining
  4649 | D:6      | Found a runed translucent gate.
  4649 | D:6      | Found a runed translucent gate.
  4649 | D:6      | Found a runed translucent gate.
  4932 | D:6      | Noticed caveywoolpert's ghost (novice DsEE)
  4933 | D:6      | Noticed Athor's ghost (novice FoHu)
  4933 | D:6      | Noticed Leeroy's ghost (novice TeWr)
  4933 | D:6      | Noticed jazmu's ghost (novice DgHu)
  5348 | D:6      | Reached XP level 9. HP: 65/69 MP: 18/18
  6156 | D:4      | Killed Edmund
  6157 | D:4      | Reached skill level 5 in Throwing
  6157 | D:4      | Reached skill level 5 in Armour
  7054 | D:7      | Noticed Pikel
  7180 | D:6      | Killed Pikel
  7181 | D:6      | Reached skill level 5 in Invocations
  7529 | D:7      | Noticed Joseph
  7541 | D:7      | Reached skill level 5 in Short Blades
  7541 | D:7      | Reached skill level 5 in Axes
  7541 | D:7      | Reached skill level 5 in Maces & Flails
  7541 | D:7      | Reached skill level 5 in Polearms
  7541 | D:7      | Reached skill level 5 in Staves
  7541 | D:7      | Reached skill level 5 in Ranged Weapons
  7541 | D:7      | Reached skill level 5 in Stealth
  7541 | D:7      | Reached skill level 5 in Shields
  7541 | D:7      | Reached skill level 5 in Unarmed Combat
  7541 | D:7      | Reached skill level 5 in Evocations
  7541 | D:7      | Reached XP level 10. HP: 34/77 MP: 18/20
  7954 | D:7      | Found a large runed translucent door.
  7954 | D:7      | Found a large runed translucent door.
  7960 | D:7      | Noticed Dirtsage's ghost (novice OpTm)
  8317 | D:8      | Found a staircase to the Lair.
  8661 | D:8      | Found a glowing golden altar of the Shining One.
  8664 | D:8      | Became a worshipper of the Shining One
  9077 | D:8      | Noticed a brown ugly thing
  9077 | D:8      | Noticed a five-headed hydra
  9077 | D:8      | Noticed a purple ugly thing
  9077 | D:8      | Noticed a two-headed ogre
  9083 | D:8      | Noticed a cyclops
  9085 | D:8      | Noticed a manticore
  9085 | D:8      | Noticed a red ugly thing
  9085 | D:8      | Noticed a death knight
  9091 | D:8      | Identified the +1 chain mail of Punwossi {+Blink Int+4}
  9523 | D:9      | Found a sacrificial altar of Ru.
  9523 | D:9      | Found a basalt altar of Yredelemnul.
  9524 | D:9      | Found a shadowy altar of Dithmenos.
  9811 | D:9      | Noticed a two-headed ogre
 10400 | D:9      | Noticed Erica
 10414 | D:9      | Killed Erica
 10415 | D:9      | Reached skill level 5 in Conjurations
 10415 | D:9      | Reached skill level 5 in Hexes
 10415 | D:9      | Reached skill level 5 in Summonings
 10415 | D:9      | Reached skill level 5 in Necromancy
 10415 | D:9      | Reached skill level 5 in Transmutations
 10415 | D:9      | Reached skill level 5 in Fire Magic
 10415 | D:9      | Reached skill level 5 in Ice Magic
 10415 | D:9      | Reached skill level 5 in Air Magic
 10415 | D:9      | Reached skill level 5 in Earth Magic
 10415 | D:9      | Reached skill level 5 in Poison Magic
 10415 | D:9      | Reached XP level 11. HP: 48/85 MP: 22/22
 10539 | D:9      | Identified the +2 trident "Uskutuk" {freeze, *Rage rN++
                  | Dex+4}
 10691 | D:9      | Killed a two-headed ogre
 10865 | D:10     | Entered Level 10 of the Dungeon
 10877 | D:10     | Noticed a two-headed ogre
 10880 | D:10     | Killed a two-headed ogre
 11033 | D:10     | Found a staircase to the Orcish Mines.
 11088 | D:10     | Reached * piety under the Shining One
 11274 | D:10     | Found an iron altar of Okawaru.
 11284 | D:10     | Fell from the grace of the Shining One
 11284 | D:10     | Became a worshipper of Warmaster Okawaru
 11718 | Orc:1    | Entered Level 1 of the Orcish Mines
 11742 | Orc:1    | Mangled by an orc warrior

Illustrated notes

Levels and vault maps discovered:
D:1:      minmay_arrival_semitransparent, layout_basic
D:2:      layout_basic, basic_altar, ebering_ecumenical_altar_hall,
          nicolae_elevator_lobby_plus
D:3:      layout_loops_ring, ebering_ghost_disaster_area, serial_shops, shop
D:4:      layout_basic, minmay_temple_entry_grid, kennysheep_generic_room_7,
          uniq_edmund
D:5:      layout_basic
D:6:      layout_layer_cave, gammafunk_ghost_cemetery, kennysheep_potato,
          uniq_menkaure
D:7:      layout_cave_pods, serial_shops, shop, ebering_ghost_disaster_area,
          minmay_bent, uniq_joseph, uniq_pikel
D:8:      layout_loops_ring, tso_oasis_becter, david_lair_shrubbed, minivault_12
D:9:      layout_stronghold, chequers_temple_overflow_statue_of_worship,
          uniq_erica
D:10:     layout_basic, okawaru_ov_weapons_minmay, orc_0_dummy
D:11:     layout_rooms, uniq_harold, uniq_nergalle
Temple:   minmay_crystal_spiral_temple
Orc:1:    layout_caves, basic_altar

Skill      XL: |  1  2  3  4  5  6  7  8  9 10 11 |
---------------+----------------------------------+-----
Spellcasting   | 5 6 7 8 |  8.2
Invocations    | 1 2 3 4 5 6 7 |  7.0
Short Blades   | 1 2 3 5 6 |  6.4
Axes           | 1 2 3 5 6 |  6.4
Maces & Flails | 1 2 3 5 6 |  6.4
Polearms       | 1 2 3 5 6 |  6.4
Staves         | 1 2 3 5 6 |  6.4
Ranged Weapons | 1 2 3 5 6 |  6.4
Stealth        | 1 2 3 5 6 |  6.4
Shields        | 1 2 3 5 6 |  6.4
Unarmed Combat | 1 2 3 5 6 |  6.4
Evocations     | 1 2 3 5 6 |  6.4
Conjurations   | 1 2 3 4 5 |  5.3
Hexes          | 1 2 3 4 5 |  5.3
Summonings     | 1 2 3 4 5 |  5.3
Necromancy     | 1 2 3 4 5 |  5.3
Transmutations | 1 2 3 4 5 |  5.3
Fire Magic     | 1 2 3 4 5 |  5.3
Ice Magic      | 1 2 3 4 5 |  5.3
Air Magic      | 1 2 3 4 5 |  5.3
Earth Magic    | 1 2 3 4 5 |  5.3
Poison Magic   | 1 2 3 4 5 |  5.3
Throwing       | 3 4 5 6 7 |  7.0
Armour         | 3 4 5 6 7 |  7.0
Fighting       | 5 6 7 8 |  8.0
Long Blades    | 5 6 7 8 |  8.0
Dodging        | 5 6 7 8 |  8.0
Translocations | 6 7 |  7.7

Action                     |  1- 3 |  4- 6 |  7- 9 | 10-12 || total
---------------------------+-------+-------+-------+-------++-------
  Melee: Falchion          |    37 |       |       |       ||    37
         Bite              |    13 |    12 |    46 |    32 ||   103
         Dagger            |   101 |    11 |       |       ||   112
         Punch             |     1 |       |       |       ||     1
         Great sword       |       |   103 |   296 |   211 ||   610
         Rapier            |       |       |       |    12 ||    12
   Cast: Vhi's Electric Ch |       |       |    10 |    13 ||    23
         Blink             |       |       |     7 |     2 ||     9
         Manifold Assault  |       |       |     2 |       ||     2
  Evoke: Wand              |       |       |       |     1 ||     1
    Use: Scroll            |       |     6 |     5 |     6 ||    17
         Potion            |       |       |     1 |       ||     1
   Stab: Sleeping          |     2 |     3 |     8 |     1 ||    14
         Distracted        |       |       |     1 |       ||     1
 Armour: Leather armour    |    24 |    55 |   159 |    84 ||   322
  Dodge: Dodged            |    68 |   102 |   269 |   221 ||   660
  Block: Other             |       |    33 |   100 |    75 ||   208
         Reflection        |       |       |     3 |     3 ||     6

Table legend: (Time is in decaauts)
 A = Elapsed time spent in this place.
 B = Non-inter-level travel time spent in this place.
 C = Inter-level travel time spent in this place.
 D = Time resting spent in this place.
 E = Time spent auto-exploring this place.
 F = Levels seen in this place.
 G = Mean time per level.
                   A        B        C        D        E       F      G
               +--------+--------+--------+--------+--------+-----+--------+
         Total |  11941 |  11186 |    755 |   1013 |   7816 |  13 |  918.5 |
       Dungeon |  11702 |  11030 |    672 |   1013 |   7704 |  11 | 1063.8 |
        Temple |    211 |    128 |     83 |      0 |    112 |   1 |  211.0 |
  Orcish Mines |     27 |     27 |      0 |      0 |      0 |   1 |   27.0 |
               +--------+--------+--------+--------+--------+-----+--------+

Top non-repeatable levels by time:
     D:6: 1830 daAuts
     D:5: 1594 daAuts
     D:9: 1479 daAuts
     D:3: 1176 daAuts
     D:8: 1137 daAuts
     D:4: 1017 daAuts
     D:7: 1016 daAuts
     D:1: 983 daAuts
    D:10: 851 daAuts
     D:2: 605 daAuts
  Temple: 211 daAuts
   Orc:1: 27 daAuts
    D:11: 10 daAuts
